 Dungeon Crawl Stone Soup version 0.23-a0-358-g98c7a59 (webtiles) character file.

900 BingusPrime the Covert (level 8, -8/52 HPs)
             Began as an Octopode Warper on Oct 22, 2018.
             Mangled by an ogre
             ... wielding a +0 giant spiked club
              (20 damage)
             ... on level 4 of the Dungeon.
             The game lasted 00:18:05 (5568 turns).

BingusPrime the Covert (Octopode Warper)            Turns: 5568, Time: 00:18:06

Health: -8/52      AC:  8    Str: 11    XL:     8   Next: 7%
Magic:  11/12      EV: 14    Int: 15    God:
Gold:   292        SH:  0    Dex: 13    Spells: 2/12 levels left

rFire    + . .     SeeInvis .   l - +0 dagger (venom)
rCold    x . .     Gourm    .   (no shield)
rNeg     + . .     Faith    .   (helmet restricted)
rPois    .         Spirit   .   (no amulet)
rElec    .         Reflect  .   y - ring of fire
rCorr    .         Harm     .   j - +1 ring of protection
MR       .....                  p - ring of positive energy
Stlth    +++++.....             v - +6 ring of protection
HPRegen  0.17/turn              (no ring)
MPRegen  0.13/turn              (no ring)
                                (no ring)
                                (no ring)

@: about to teleport, very slightly contaminated
A: almost no armour, stealthy swim, amphibious, 8 rings, constrict 8, camouflage
1, gelatinous body 1
a: no special abilities


You were on level 4 of the Dungeon.
You were hungry.

You visited 2 branches of the dungeon, and saw 6 of its levels.

You collected 292 gold pieces.

Inventory:

Hand Weapons
 a - a +0 falchion
 l - a +0 dagger of venom (weapon)
Missiles
 d - 5 tomahawks of dispersal (quivered)
 q - 3 tomahawks
Armour
 t - a +1 leather armour of magic resistance
Jewellery
 j - a +1 ring of protection (right tentacle)
 m - an uncursed amulet of guardian spirit
 p - a ring of positive energy (on tentacle)
 v - a +6 ring of protection (on tentacle)
 y - a ring of fire (left tentacle)
Scrolls
 b - 6 scrolls of remove curse
 c - a scroll of blinking
 n - 3 scrolls of magic mapping
 r - 3 scrolls of teleportation
 s - a scroll of enchant armour {unknown}
 u - a scroll of fear {unknown}
 x - a scroll of random uselessness {unknown}
 z - 3 scrolls of amnesia {unknown}
 A - 3 scrolls of noise {unknown}
 D - a scroll of immolation {unknown}
Potions
 e - a potion of flight {unknown}
 g - 5 potions of curing
 h - a potion of invisibility {unknown}
 i - a potion of might {unknown}
 k - a potion of heal wounds
 o - a potion of haste {unknown}
 w - 2 potions of magic
 B - a potion of mutation {unknown}
Comestibles
 f - 10 rations
 C - 5 chunks of flesh


   Skills:
 + Level 3.3 Fighting
 + Level 2.2(3.1) Short Blades
 + Level 3.1(3.5) Long Blades
 + Level 1.1 Throwing
 + Level 3.7 Dodging
 * Level 8.4 Stealth
 + Level 2.8 Spellcasting
 + Level 0.7 Charms
 + Level 3.8 Translocations


You had 2 spell levels left.
You knew the following spells:

 Your Spells              Type           Power        Failure   Level  Hunger
a - Blink                 Tloc           N/A          6%          2    ##.....
b - Shroud of Golubria    Chrm/Tloc      #.........   12%         2    ##.....
c - Gell's Gravitas       Tloc           ##........   12%         3    ###....
d - Lesser Beckoning      Tloc           ##........   12%         3    ###....

Your spell library contained the following spells:

 Spells                   Type           Power        Failure   Level  Hunger
 Apportation              Tloc           ##....       4%          1    #......
 Animate Skeleton         Necr           N/A          21%         1    #......
 Confusing Touch          Hex            #.....       21%         1    #......
 Summon Small Mammal      Summ           #...         21%         1    #......
 Teleport Other           Tloc           ##......     12%         3    ###....
 Passage of Golubria      Tloc           N/A          38%         4    #####..


Dungeon Overview and Level Annotations

Branches:
Dungeon (5/15)             Temple (1/1) D:4

Altars:
Cheibriados
Elyvilon
Fedhas
Gozag
Hepliaklqana
Kikubaaqudgha
Okawaru
Qazlal
Ru
Sif Muna
Trog
Uskayaw
Vehumet
Wu Jian
Xom
Yredelemnul
Zin
The Shining One


Innate Abilities, Weirdness & Mutations

You cannot wear most types of armour.
You are very stealthy in the water. (Stealth+)
You are amphibious.
You can wear up to eight rings at the same time.
You can use your tentacles to constrict eight enemies at once.
Your skin changes colour to match your surroundings (Stealth+).
Your rubbery body absorbs attacks. (AC +1, EV +1)


Message History

Found a scroll labeled TEAROEKKAMP.
Found 13 gold pieces.
Found a leather armour.
Casting: Blink (safe; 6% risk of failure)
Confirm with . or Enter, or press ? or * to list all spells.
You miscast Blink.
You are very lightly contaminated with residual magic.
The floor and the ceiling briefly switch places.
The ogre completely misses you.
The ogre hits you with a +0 giant spiked club!!
There is a stone staircase leading up here.
The ogre hits you with a +0 giant spiked club.
* * * LOW HITPOINT WARNING * * *
You climb upwards.
There is a stone staircase leading down here.
Okay, then.
As you read the scroll of teleportation, it crumbles to dust.
You feel strangely unstable.
The ogre hits you with a +0 giant spiked club!!
You die...

#.# #.##.# #### #.# #.##.#
...# #.# #.##.# ...# #.#
#.##.# ...# #.# #.##.# ...#
####### #.# #.##.# ...#
#.....# #.#####.##.#
#######.....#####O#.....##.#
................@>#.######.#
.####.#.....#######.######.#
.# #.#.....#.............<#
.# #.#.....#.#####.########
.####.#<..........#.#
......#######.#.###.#
..##..#######.#.....#
..##.......##.##############
#.###.##....#.<............#


You could see an ogre.

Vanquished Creatures
  Sigmund (D:2)
  The ghost of bonscott the Gusty, an amateur TeAE (D:3)
  A centaur (D:5)
  A hound (D:5)
  A centaur skeleton (D:4)
  3 orc wizards (D:3)
  A bullfrog skeleton (D:4)
  Jessica (D:2)
  4 worker ants
  A centaur simulacrum (D:3)
  3 gnolls (D:3)
  8 adders
  2 oozes
  An adder skeleton (D:4)
  3 worms
  3 dart slugs
  2 adder simulacra (D:3)
  5 leopard geckos
  11 orcs (D:3)
  2 ball pythons
  6 giant cockroaches
  6 goblins
  7 hobgoblins
  16 jackals
  10 kobolds
  2 quokkas
  2 bats (D:1)
  5 frilled lizards
  2 giant cockroach simulacra (D:3)
  A jackal skeleton (D:4)
  A leopard gecko skeleton (D:4)
  7 rats
120 creatures vanquished.

Vanquished Creatures (others)
  A white imp (D:3)
1 creature vanquished.

Grand Total: 121 creatures vanquished

Notes
Turn   | Place    | Note
-------+----------+-------------------------------------------
     0 | D:1      | BingusPrime the Octopode Warper began the quest for the
                  | Orb.
     0 | D:1      | Reached XP level 1. HP: 14/14 MP: 3/3
    40 | D:1      | Reached XP level 2. HP: 17/19 MP: 5/5
    59 | D:1      | Learned a level 2 spell: Blink
    62 | D:1      | Learned a level 2 spell: Shroud of Golubria
   341 | D:1      | Reached skill level 1 in Stealth
   528 | D:1      | Reached XP level 3. HP: 24/24 MP: 6/6
  1239 | D:2      | Noticed Jessica
  1247 | D:2      | Killed Jessica
  1247 | D:2      | Reached skill level 2 in Stealth
  1247 | D:2      | Reached XP level 4. HP: 21/30 MP: 4/7
  1896 | D:2      | Noticed Sigmund
  1920 | D:2      | Found an ancient bone altar of Kikubaaqudgha.
  1924 | D:2      | Found a shimmering altar of Xom.
  1971 | D:2      | Reached XP level 5. HP: 35/35 MP: 8/8
  2019 | D:2      | Killed Sigmund
  2019 | D:2      | Reached skill level 4 in Stealth
  2019 | D:2      | Reached XP level 6. HP: 33/41 MP: 6/9
  2049 | D:2      | Reached skill level 5 in Stealth
  2222 | D:2      | Found a bloodstained altar of Trog.
  2404 | D:2      | Found a faded altar of an unknown god.
  2580 | D:3      | Learned a level 3 spell: Gell's Gravitas
  2745 | D:3      | Reached skill level 6 in Stealth
  2879 | D:3      | Noticed bonscott's ghost (amateur TeAE)
  3018 | D:3      | Found a runed gate.
  3018 | D:3      | Found a runed gate.
  3018 | D:3      | Found a runed gate.
  3129 | D:3      | Found an iron altar of Okawaru.
  3129 | D:3      | Found a white marble altar of Elyvilon.
  3129 | D:3      | Found a glowing golden altar of the Shining One.
  3129 | D:3      | Found a bloodstained altar of Trog.
  3264 | D:3      | Reached skill level 1 in Short Blades
  3264 | D:3      | Reached XP level 7. HP: 33/45 MP: 4/10
  3659 | D:3      | Reached skill level 7 in Stealth
  4007 | D:3      | Killed bonscott's ghost
  4354 | D:4      | Learned a level 3 spell: Lesser Beckoning
  4567 | D:4      | Found a staircase to the Ecumenical Temple.
  4661 | Temple   | Entered the Ecumenical Temple
  4948 | D:4      | Reached skill level 8 in Stealth
  5381 | D:5      | Entered Level 5 of the Dungeon
  5409 | D:5      | Reached XP level 8. HP: 52/52 MP: 12/12
  5568 | D:4      | Mangled by an ogre

Vault maps used:
D:1:      lightli_arrival_boilingwater, minmay_misc_feat_pillars
D:2:      minmay_door_path, minitemple, first_ration,
          chequers_ecumenical_altar_grove, bloody_trog, uniq_sigmund,
          uniq_jessica
D:3:      chequers_temple_overflow_statue_of_worship, gammafunk_ghost_icy
D:4:      minmay_temple_entry_trees
D:5:      chequers_temple_overflow_minitemple,
          nemelex_xobeh_ov_fountains_minmay, serial_glass, glass_columns_c,
          glass_columns_a, glass_columns_b, glass_columns_b, glass_columns_a,
          glass_columns_c, glass_columns_c, glass_columns_b, guppyfry_shop_venom
Temple:   minmay_temple_bridge_abc

Skill      XL: |  1  2  3  4  5  6  7 |
---------------+----------------------+-----
Stealth        | 1 2 4 6 8 |  8.4
Dodging        | 3 |  3.7
Long Blades    | 3 |  3.1
Short Blades   | 1 2 |  2.2
Fighting       | 3 |  3.3
Throwing       | |  1.1
Spellcasting   | |  2.8
Charms         | |  0.7
Translocations | |  3.8

Action                   |  1- 3 |  4- 6 |  7- 9 || total
-------------------------+-------+-------+-------++-------
Melee: Falchion          |    54 |       |       ||    54
       Constrict         |    15 |    29 |    22 ||    66
       Tentacles         |    10 |    15 |    34 ||    59
       Dagger            |     6 |   123 |   106 ||   235
 Cast: Shroud of Golubri |     1 |     4 |     4 ||     9
       Blink             |       |     3 |     3 ||     6
       Gell's Gravitas   |       |     3 |     4 ||     7
       Lesser Beckoning  |       |       |     1 ||     1
  Use: Scroll            |       |       |     8 ||     8
 Stab: Sleeping          |     7 |    19 |    10 ||    36
       Distracted        |       |       |     1 ||     1
  Eat: Chunk             |       |     8 |     8 ||    16
Armor: Skin              |     4 |     3 |    12 ||    19
Dodge: Dodged            |    44 |    67 |    65 ||   176
       Rpst.: Falchion   |    10 |       |       ||    10

Table legend:
 A = Non-vault XP
 B = Vault XP
 C = Vault XP percentage of total XP
 D = Non-vault monster count
 E = Vault monster count
 F = Vault count percentage of total count
                 A         B        C        D         E       F
            +---------+---------+-------+---------+---------+-------
      Total |     830 |     456 |  35.5 |     107 |      14 |  11.6
            +---------+---------+-------+---------+---------+-------
        D:1 |      46 |       0 |   0.0 |      21 |       0 |   0.0
        D:2 |     113 |     253 |  69.1 |      21 |       7 |  25.0
        D:3 |     280 |     203 |  42.0 |      39 |       7 |  15.2
        D:4 |     223 |       0 |   0.0 |      23 |       0 |   0.0
        D:5 |     168 |       0 |   0.0 |       3 |       0 |   0.0
            +---------+---------+-------+---------+---------+-------
